[Event "-chT Youth Countries 2019"]
[Site "Wuerzburg"]
[Date "2019.10.04"]
[Round "5.6"]
[White "Brunner, Sophia"]
[Black "Butenandt, Svenja"]
[Result "1-0"]
[ECO "A46"]
[WhiteElo "1935"]
[BlackElo "1805"]
[Annotator "NA"]
[PlyCount "103"]
[EventDate "2019.10.02"]
[EventType "team-tourn"]
[EventRounds "7"]
[EventCountry "GER"]
[SourceTitle "playchess.com"]
[Source "ChessBase"]
[SourceQuality "1"]
[WhiteTeam "Niedersachsen"]
[BlackTeam "Bayern 2"]
[TimeControl "40/5400+30:1800+30"]

1. d4 Nf6 2. Nf3 e6 3. g3 d5 4. c4 Bb4+ 5. Bd2 Be7 6. Bg2 c6 7. cxd5 cxd5 8. O-O O-O 9. Nc3 Nc6 10. Bg5 h6 11. Bxf6 Bxf6 12. e3 b6 13. Rc1 Ba6 14. Re1 Qd7 15. Qa4 Bb7 16. Bf1 Rfd8 17. b4 Rac8 18. Qb3 Be7 19. a3 Bf6 20. Ne2 Ba6 21. Nf4 Bxf1 22. Rxf1 Qe7 23. Rc2 Nb8 24. Rfc1 Qb7 25. b5 Nd7 26. Rc6 Nb8 27. R6c3 Be7 28. Ne5 Bd6 29. Nfd3 Rxc3 30. Qxc3 Kf8 31. Nb4 Bxe5 32. dxe5 Nd7 33. Nd3 Ke8 34. f4 Nb8 35. Qc7 Qxc7 36. Rxc7 a6 37. Rb7 axb5 38. Rxb6 Ke7 39. Rxb5 d4 40. Kf2 Nc6 41. Rb7+ Ke8 42. exd4 Rxd4 43. Rb3 Na5 44. Rc3 Nc4 45. Ke2 Kd8 46. Nb4 Kd7 47. Nc2 Rd2+ 48. Ke1 Rxc2 49. Rxc2 Nxa3 50. Rc5 f6 51. Kd2 fxe5 52. fxe5 {[%emt 0:00:03] normal} 1-0

[Event "-chT Youth Countries 2019"]
[Site "Wuerzburg"]
[Date "2019.10.04"]
[Round "5.6"]
[White "Reuter, Elisa"]
[Black "Metzdorf, Matteo"]
[Result "1-0"]
[ECO "B42"]
[WhiteElo "1873"]
[BlackElo "1862"]
[Annotator "NA"]
[PlyCount "109"]
[EventDate "2019.10.02"]
[EventType "team-tourn"]
[EventRounds "7"]
[EventCountry "GER"]
[SourceTitle "playchess.com"]
[Source "ChessBase"]
[SourceQuality "1"]
[WhiteTeam "Thüringen"]
[BlackTeam "Rheinland-Pfalz"]
[TimeControl "40/5400+30:1800+30"]

1. e4 c5 2. Nf3 e6 3. d4 cxd4 4. Nxd4 a6 5. Bd3 Nc6 6. Nb3 Qc7 7. O-O Nf6 8. f4 d6 9. Be3 b5 10. c3 Bb7 11. N1d2 Be7 12. Qe2 Rc8 13. a4 b4 14. Bxa6 bxc3 15. bxc3 O-O 16. Bxb7 Qxb7 17. Rfb1 Qa8 18. h3 Na5 19. Nxa5 Qxa5 20. c4 Qa8 21. Qd3 d5 22. cxd5 exd5 23. e5 Ne4 24. Nxe4 dxe4 25. Qd7 Rfe8 26. Rc1 Rcd8 27. Qc6 Rd3 28. Qxa8 Rxa8 29. Kf2 g5 30. Rc4 gxf4 31. Bxf4 f5 32. exf6 Bxf6 33. Ra2 Re8 34. Ke2 Rd5 35. Rd2 Rf5 36. Ke3 Ra5 37. Rd6 Bg7 38. Rdc6 Kf7 39. Rc7+ Kg6 40. R7c6+ Kf7 41. R6c5 Raa8 42. Rd5 Ra6 43. Rc7+ Kf6 44. Rc4 Kf7 45. a5 Rea8 46. Rcc5 Re8 47. Be5 Bf8 48. Rb5 Ke6 49. Kxe4 Rc8 50. Bf4 Bg7 51. Rdc5 Rac6 52. Rxc6+ Rxc6 53. Rb6 Kd7 54. Rb7+ Ke6 55. Rxg7 {[%emt 0:00:06] normal Kd5+} 1-0

[Event "-chT Youth Countries 2019"]
[Site "Wuerzburg"]
[Date "2019.10.04"]
[Round "5.6"]
[White "Ermitsch, Magnus"]
[Black "Muedder, Melanie"]
[Result "1-0"]
[ECO "B32"]
[WhiteElo "1671"]
[BlackElo "1964"]
[Annotator "NA"]
[PlyCount "65"]
[EventDate "2019.10.02"]
[EventType "team-tourn"]
[EventRounds "7"]
[EventCountry "GER"]
[SourceTitle "playchess.com"]
[Source "ChessBase"]
[SourceQuality "1"]
[WhiteTeam "Berlin"]
[BlackTeam "Nordrhein-Westfalen"]
[TimeControl "40/5400+30:1800+30"]

1. e4 c5 2. Nf3 Nc6 3. d4 cxd4 4. Nxd4 e5 5. Nb5 d6 6. N1c3 a6 7. Na3 Be6 8. Be3 Nf6 9. Be2 b5 10. Nd5 Rb8 11. O-O Be7 12. f3 O-O 13. Nxf6+ Bxf6 14. c4 bxc4 15. Bxc4 Be7 16. Qd2 a5 17. Rad1 Qc8 18. Bd5 Nb4 19. Ba7 Bxd5 20. Bxb8 Bxa2 21. Bxd6 Rd8 22. Bxe7 Rxd2 23. Rxd2 Nd5 24. exd5 f6 25. d6 Be6 26. Rfd1 Bd7 27. Rc2 Qb7 28. Rc7 Qb3 29. Rb1 Qe3+ 30. Kh1 Bh3 31. d7 Bxg2+ 32. Kxg2 Qd2+ 33. Kh1 {[%emt 0:00:17] normal} 1-0

[Event "-chT Youth Countries 2019"]
[Site "Wuerzburg"]
[Date "2019.10.04"]
[Round "5.6"]
[White "Grabs, Peter"]
[Black "Schwartz, Oliver"]
[Result "0-1"]
[ECO "B31"]
[WhiteElo "1592"]
[BlackElo "1650"]
[Annotator "NA"]
[PlyCount "72"]
[EventDate "2019.10.02"]
[EventType "team-tourn"]
[EventRounds "7"]
[EventCountry "GER"]
[SourceTitle "playchess.com"]
[Source "ChessBase"]
[SourceQuality "1"]
[WhiteTeam "Brandenburg/Berlin"]
[BlackTeam "Württemberg"]
[TimeControl "40/5400+30:1800+30"]

1. e4 c5 2. Nf3 Nc6 3. Bb5 g6 4. O-O Bg7 5. Re1 Nf6 6. c3 O-O 7. d4 cxd4 8. cxd4 a6 9. Bf1 d5 10. e5 Ne8 11. h3 Nc7 12. Nc3 b5 13. Be3 Bb7 14. Rc1 Rc8 15. a3 Na8 16. b4 Nb6 17. Nd2 Na7 18. Nb3 Nc4 19. Bxc4 bxc4 20. Nc5 Qc7 21. N3a4 Nb5 22. Nxb7 Qxb7 23. Nc5 Qc6 24. Qa4 Ra8 25. Qa5 Rfb8 26. Rcd1 Nc3 27. b5 Nxb5 28. Bf4 e6 29. Bg5 Nxd4 30. Rxd4 Rb5 31. Qd2 Qxc5 32. Bf6 Bf8 33. Rh4 Rab8 34. Re3 Rb2 35. Qd4 Qxd4 36. Rxd4 Bc5 {[%emt 0:00:11] normal} 0-1

[Event "-chT Youth Countries 2019"]
[Site "Wuerzburg"]
[Date "2019.10.04"]
[Round "5.6"]
[White "Schulz, Hannah"]
[Black "Yaghi, Rita"]
[Result "0-1"]
[ECO "B90"]
[WhiteElo "1554"]
[BlackElo "1973"]
[Annotator "NA"]
[PlyCount "92"]
[EventDate "2019.10.02"]
[EventType "team-tourn"]
[EventRounds "7"]
[EventCountry "GER"]
[SourceTitle "playchess.com"]
[Source "ChessBase"]
[SourceQuality "1"]
[WhiteTeam "Baden 1"]
[BlackTeam "Hessen"]
[TimeControl "40/5400+30:1800+30"]

1. e4 c5 2. Nf3 d6 3. d4 cxd4 4. Nxd4 Nf6 5. Nc3 a6 6. Bd3 e6 7. O-O Be7 8. Kh1 Qc7 9. f4 Nbd7 10. Qe2 b5 11. a3 Bb7 12. Bd2 O-O 13. Rae1 Rfd8 14. Rf3 Nc5 15. Rg3 Rac8 16. e5 dxe5 17. fxe5 Rxd4 18. exf6 Bxf6 19. Rf1 Rh4 20. Be1 Kh8 21. Qe3 Be5 22. Rh3 Bd4 23. Bxh4 Bxe3 24. Rxe3 Nxd3 25. Rxd3 f6 26. Rfd1 g5 27. Bg3 Qc6 28. R1d2 Re8 29. Na2 a5 30. Nc1 Re7 31. Nb3 a4 32. Na5 Qb6 33. Nxb7 Qxb7 34. Rd8+ Kg7 35. Kg1 e5 36. Bf2 Rc7 37. Kf1 b4 38. axb4 Qxb4 39. c3 Qc4+ 40. Ke1 Rb7 41. g3 Qe4+ 42. Kd1 Qb1+ 43. Ke2 Rxb2 44. R8d7+ Kg6 45. Be3 Rxd2+ 46. Rxd2 a3 {[%emt 0:00:00] normal} 0-1

[Event "-chT Youth Countries 2019"]
[Site "Wuerzburg"]
[Date "2019.10.04"]
[Round "5.6"]
[White "Gressler, Christian"]
[Black "Grining, Maria"]
[Result "0-1"]
[ECO "B13"]
[WhiteElo "1464"]
[BlackElo "1801"]
[Annotator "NA"]
[PlyCount "90"]
[EventDate "2019.10.02"]
[EventType "team-tourn"]
[EventRounds "7"]
[EventCountry "GER"]
[SourceTitle "playchess.com"]
[Source "ChessBase"]
[SourceQuality "1"]
[WhiteTeam "Mecklenburg-Vorpommern"]
[BlackTeam "Baden 2"]
[TimeControl "40/5400+30:1800+30"]

1. e4 c6 2. d4 d5 3. exd5 cxd5 4. Bd3 Nc6 5. c3 Nf6 6. h3 g6 7. Nf3 Qc7 8. O-O Bg7 9. Re1 O-O 10. Nbd2 Re8 11. Nf1 Nh5 12. Bg5 Bd7 13. Qd2 e5 14. Be2 exd4 15. Nxd4 Nxd4 16. Bxh5 Ne6 17. Bg4 Nxg5 18. Qxg5 Bc6 19. Bf3 d4 20. Bxc6 Qxc6 21. cxd4 Bxd4 22. Ne3 Bf6 23. Qg4 Bxb2 24. Rab1 Bg7 25. Rec1 Qa6 26. Qd7 Qxa2 27. Rxb7 Rad8 28. Rxa7 Qb3 29. Rb7 Rxd7 30. Rxb3 Bh6 31. Rc2 Red8 32. Ng4 Bg7 33. Kf1 Rd1+ 34. Ke2 h5 35. Ne3 R1d7 36. Rb1 Re8 37. Rd2 Rde7 38. Rd3 Ra8 39. Rbd1 Ra2+ 40. Kf3 Bh6 41. Rb1 Kg7 42. g4 hxg4+ 43. hxg4 Ra4 44. Rg1 Bg5 45. Rb3 Ree4 {[%emt 0:01:50] normal} 0-1

[Event "-chT Youth Countries 2019"]
[Site "Wuerzburg"]
[Date "2019.10.04"]
[Round "5.7"]
[White "Kempe, Caius Emilian"]
[Black "Bardorz, Jana"]
[Result "0-1"]
[ECO "E81"]
[WhiteElo "1835"]
[BlackElo "1929"]
[Annotator "NA"]
[PlyCount "46"]
[EventDate "2019.10.02"]
[EventType "team-tourn"]
[EventRounds "7"]
[EventCountry "GER"]
[SourceTitle "playchess.com"]
[Source "ChessBase"]
[SourceQuality "1"]
[WhiteTeam "Sachsen"]
[BlackTeam "Bayern 1"]
[TimeControl "40/5400+30:1800+30"]

1. d4 Nf6 2. c4 g6 3. Nc3 Bg7 4. e4 d6 5. f3 O-O 6. Be3 a6 7. Qd2 Nbd7 8. Nge2 b5 9. cxb5 axb5 10. Nxb5 c6 11. Nbc3 e5 12. Nc1 d5 13. exd5 Nxd5 14. Nxd5 cxd5 15. Be2 Re8 16. O-O Nb6 17. dxe5 Bxe5 18. Bf2 Nc4 19. Bxc4 dxc4 20. Qb4 Qc7 21. Bg3 Bxg3 22. hxg3 Qxg3 23. Qxc4 Ba6 {[%emt 0:02:41] normal} 0-1

[Event "-chT Youth Countries 2019"]
[Site "Wuerzburg"]
[Date "2019.10.04"]
[Round "5.7"]
[White "Yue, Qizhou"]
[Black "Bock, Marlon"]
[Result "1/2-1/2"]
[ECO "B01"]
[WhiteElo "1810"]
[BlackElo "1671"]
[Annotator "NA"]
[PlyCount "86"]
[EventDate "2019.10.02"]
[EventType "team-tourn"]
[EventRounds "7"]
[EventCountry "GER"]
[SourceTitle "playchess.com"]
[Source "ChessBase"]
[SourceQuality "1"]
[WhiteTeam "Rheinland-Pfalz"]
[BlackTeam "Thüringen"]
[TimeControl "40/5400+30:1800+30"]

1. e4 d5 2. exd5 Qxd5 3. Nc3 Qa5 4. Nf3 Nf6 5. Bc4 Bf5 6. d3 e6 7. O-O c6 8. Re1 Be7 9. Bd2 Qc7 10. Ne4 Nbd7 11. Ng3 Bg6 12. a4 h6 13. Bc3 O-O 14. Qe2 Nd5 15. Bxd5 cxd5 16. Ne5 Nxe5 17. Bxe5 Bd6 18. Bxd6 Qxd6 19. d4 Rfc8 20. c3 Rc4 21. a5 Rac8 22. Qe5 Qd7 23. f4 Qb5 24. Re2 Ra4 25. Rxa4 Qxa4 26. f5 exf5 27. Qxd5 f4 28. Nf5 Bxf5 29. Qxf5 Re8 30. Kf2 Rxe2+ 31. Kxe2 Qe8+ 32. Qe5 Qxe5+ 33. dxe5 g5 34. Kf3 f5 35. b4 Kf7 36. c4 Ke6 37. b5 Kxe5 38. c5 Kd5 39. c6 Kd6 40. cxb7 Kc7 41. a6 Kb8 42. h4 Kc7 43. h5 Kb8 {[%emt 0:00:00] normal} 1/2-1/2

[Event "-chT Youth Countries 2019"]
[Site "Wuerzburg"]
[Date "2019.10.04"]
[Round "5.7"]
[White "Mundt, Alexandra"]
[Black "Voigt, Anastasia"]
[Result "1-0"]
[ECO "C97"]
[WhiteElo "1760"]
[BlackElo "1457"]
[Annotator "NA"]
[PlyCount "98"]
[EventDate "2019.10.02"]
[EventType "team-tourn"]
[EventRounds "7"]
[EventCountry "GER"]
[SourceTitle "playchess.com"]
[Source "ChessBase"]
[SourceQuality "1"]
[WhiteTeam "Schleswig-Holstein"]
[BlackTeam "Sachsen-Anhalt"]
[TimeControl "40/5400+30:1800+30"]

1. e4 e5 2. Nf3 Nc6 3. Bb5 a6 4. Ba4 Nf6 5. O-O Be7 6. Re1 b5 7. Bb3 d6 8. h3 O-O 9. c3 Na5 10. Bc2 c5 11. d4 Qc7 12. Bg5 cxd4 13. cxd4 Nc6 14. Nc3 Bd7 15. Rc1 Rac8 16. d5 Na5 17. Bb1 Qb6 18. Be3 Qb7 19. b3 Qb8 20. Qd2 Nb7 21. b4 a5 22. a3 Ne8 23. Bd3 axb4 24. axb4 Nd8 25. Ra1 Rc7 26. Rec1 Rb7 27. Qe2 Nc7 28. Nd2 f5 29. exf5 Bxf5 30. Bxf5 Rxf5 31. Qd3 Rf8 32. Nb3 Ne8 33. Na5 Rc7 34. Nxb5 Rxc1+ 35. Rxc1 Nf6 36. Nc6 Nxc6 37. dxc6 d5 38. c7 Qb7 39. Na7 d4 40. c8=Q Rxc8 41. Nxc8 dxe3 42. Nxe7+ Qxe7 43. Qxe3 Qxb4 44. Qxe5 Kf7 45. Rc7+ Kg6 46. Qg3+ Kf5 47. Rxg7 Ke6 48. Qe3+ Kd6 49. Qe7+ Kd5 {normal} 1-0

[Event "-chT Youth Countries 2019"]
[Site "Wuerzburg"]
[Date "2019.10.04"]
[Round "5.7"]
[White "Buchholz, Maja"]
[Black "Fischer, Darja"]
[Result "1/2-1/2"]
[ECO "A20"]
[WhiteElo "1671"]
[BlackElo "1604"]
[Annotator "NA"]
[PlyCount "86"]
[EventDate "2019.10.02"]
[EventType "team-tourn"]
[EventRounds "7"]
[EventCountry "GER"]
[SourceTitle "playchess.com"]
[Source "ChessBase"]
[SourceQuality "1"]
[WhiteTeam "Hessen"]
[BlackTeam "Baden 1"]
[TimeControl "40/5400+30:1800+30"]

1. c4 e5 2. g3 c6 3. Bg2 d5 4. cxd5 cxd5 5. Nf3 Nc6 6. O-O Nf6 7. Nc3 Bd6 8. d4 e4 9. Ne1 h6 10. Nc2 O-O 11. a3 a6 12. Bd2 Be6 13. Qc1 Qd7 14. Re1 Bh3 15. Bh1 Rac8 16. Bf4 Bxf4 17. Qxf4 Ne7 18. Qd2 Nh7 19. Ne3 f5 20. Ng2 Bxg2 21. Bxg2 Rf6 22. f3 Rcf8 23. Rac1 g5 24. Qc2 h5 25. Qb3 Kh8 26. e3 g4 27. f4 h4 28. Kf2 h3 29. Bf1 Rc8 30. Ke2 Rfc6 31. Kd2 Qc7 32. Be2 Qb6 33. Qa2 Nf6 34. Bd1 Qd8 35. Bb3 b5 36. Bd1 a5 37. b4 axb4 38. axb4 Ra8 39. Qb2 Nc8 40. Be2 Nd6 41. Bxb5 Nxb5 42. Nxb5 Rca6 43. Ra1 Qb6 {[%emt 0:05:15] normal} 1/2-1/2

[Event "-chT Youth Countries 2019"]
[Site "Wuerzburg"]
[Date "2019.10.04"]
[Round "5.7"]
[White "Bungarten, Jona"]
[Black "Schnabel, Luise"]
[Result "1/2-1/2"]
[ECO "B03"]
[WhiteElo "1669"]
[BlackElo "1900"]
[Annotator "NA"]
[PlyCount "47"]
[EventDate "2019.10.02"]
[EventType "team-tourn"]
[EventRounds "7"]
[EventCountry "GER"]
[SourceTitle "playchess.com"]
[Source "ChessBase"]
[SourceQuality "1"]
[WhiteTeam "Nordrhein-Westfalen"]
[BlackTeam "Berlin"]
[TimeControl "40/5400+30:1800+30"]

1. e4 Nf6 2. e5 Nd5 3. d4 d6 4. Bc4 e6 5. Nf3 Nb6 6. Bb3 Nc6 7. O-O Be7 8. Nc3 O-O 9. Qe2 Bd7 10. Ne4 Na5 11. Bf4 Bc6 12. exd6 cxd6 13. Rad1 Nxb3 14. axb3 Nd5 15. Bg3 Nf6 16. Nfd2 Rc8 17. c4 d5 18. Nc3 dxc4 19. Nxc4 a6 20. Rfe1 Bd5 21. f3 b5 22. Nxd5 Nxd5 23. Ne5 Nb4 24. Rd2 {[%emt 0:01:56] normal} 1/2-1/2

[Event "-chT Youth Countries 2019"]
[Site "Wuerzburg"]
[Date "2019.10.04"]
[Round "5.7"]
[White "Woerz, Ann-Sophie"]
[Black "Sperling, Niclas"]
[Result "0-1"]
[ECO "B24"]
[WhiteElo "1500"]
[BlackElo "1656"]
[Annotator "NA"]
[PlyCount "66"]
[EventDate "2019.10.02"]
[EventType "team-tourn"]
[EventRounds "7"]
[EventCountry "GER"]
[SourceTitle "playchess.com"]
[Source "ChessBase"]
[SourceQuality "1"]
[WhiteTeam "Württemberg"]
[BlackTeam "Brandenburg/Berlin"]
[TimeControl "40/5400+30:1800+30"]

1. e4 c5 2. Nc3 Nc6 3. Nf3 g6 4. Bb5 Bg7 5. Bxc6 bxc6 6. d4 cxd4 7. Nxd4 c5 8. Nde2 d6 9. O-O Nf6 10. f4 O-O 11. b3 Nxe4 12. Bb2 Bg4 13. Nxe4 Bxb2 14. Rb1 Bg7 15. h3 Bd7 16. Qd2 Bc6 17. N2g3 Qb6 18. c4 Qb7 19. Rbe1 a5 20. f5 a4 21. bxa4 Bd4+ 22. Kh1 Rxa4 23. fxg6 fxg6 24. Rxf8+ Kxf8 25. Qh6+ Kg8 26. Rf1 Bg7 27. Qf4 Ra8 28. Qf7+ Kh8 29. Qe6 Qd7 30. Qxd7 Bxd7 31. Rf7 Re8 32. Nxd6 Be6 33. Rxg7 exd6 {[%emt 0:00:02] normal} 0-1

[Event "-chT Youth Countries 2019"]
[Site "Wuerzburg"]
[Date "2019.10.04"]
[Round "5.7"]
[White "Henninger, Claire"]
[Black "Wucherer, Sophie"]
[Result "0-1"]
[ECO "C02"]
[WhiteElo "1471"]
[BlackElo "1531"]
[Annotator "NA"]
[PlyCount "114"]
[EventDate "2019.10.02"]
[EventType "team-tourn"]
[EventRounds "7"]
[EventCountry "GER"]
[SourceTitle "playchess.com"]
[Source "ChessBase"]
[SourceQuality "1"]
[WhiteTeam "Baden 2"]
[BlackTeam "Mecklenburg-Vorpommern"]
[TimeControl "40/5400+30:1800+30"]

1. e4 e6 2. d4 d5 3. e5 c5 4. c3 Nc6 5. Nf3 Bd7 6. a3 a6 7. b4 cxd4 8. cxd4 b5 9. Bb2 f6 10. g3 fxe5 11. Nxe5 Nxe5 12. dxe5 Ne7 13. Bh3 Ng6 14. O-O Be7 15. f4 O-O 16. Qd3 Rc8 17. f5 exf5 18. Qxd5+ Kh8 19. e6 Bc6 20. Qxd8 Bxd8 21. Rxf5 Bb6+ 22. Kf1 Rxf5+ 23. Bxf5 Rf8 24. g4 Ne7 25. Nc3 Nxf5 26. gxf5 Rxf5+ 27. Ke1 Re5+ 28. Kd2 Rxe6 29. Rf1 Kg8 30. Ne2 Rh6 31. Be5 Re6 32. Bd4 Rxe2+ 33. Kxe2 Bxd4 34. Kd2 Bf6 35. Kc2 Kf7 36. Kd3 Ke6 37. Re1+ Kf5 38. h3 Bd7 39. Ke3 Kg6 40. Rh1 Kh5 41. Kf4 g5+ 42. Kg3 Be5+ 43. Kf2 Kh4 44. Rc1 Kxh3 45. Rd1 Bc6 46. Rc1 Bd5 47. Rd1 Bc4 48. Rd7 h5 49. Ra7 Bd4+ 50. Kf3 Bxa7 51. a4 g4+ 52. Kf4 g3 53. axb5 axb5 54. Kg5 g2 55. Kh6 g1=Q 56. Kh7 Bd3+ 57. Kh8 Bd4# {[%emt 0:00:07] normal} 0-1

[Event "-chT Youth Countries 2019"]
[Site "Wuerzburg"]
[Date "2019.10.04"]
[Round "5.8"]
[White "Wiesner, Paula"]
[Black "Sereda, Yaroslava"]
[Result "1/2-1/2"]
[ECO "D86"]
[WhiteElo "1958"]
[BlackElo "1687"]
[Annotator "NA"]
[PlyCount "106"]
[EventDate "2019.10.02"]
[EventType "team-tourn"]
[EventRounds "7"]
[EventCountry "GER"]
[SourceTitle "playchess.com"]
[Source "ChessBase"]
[SourceQuality "1"]
[WhiteTeam "Berlin"]
[BlackTeam "Nordrhein-Westfalen"]
[TimeControl "40/5400+30:1800+30"]

1. d4 Nf6 2. c4 g6 3. Nc3 d5 4. cxd5 Nxd5 5. e4 Nxc3 6. bxc3 Bg7 7. Bc4 c5 8. Ne2 O-O 9. O-O Nc6 10. Be3 Qc7 11. Qc2 b6 12. dxc5 Ne5 13. Bd5 Rb8 14. cxb6 axb6 15. Rfd1 e6 16. Bb3 Ba6 17. Bd4 Ng4 18. f4 Bxd4+ 19. Rxd4 Bxe2 20. Qxe2 Qxf4 21. g3 Qg5 22. Qd2 Qxd2 23. Rxd2 Ne5 24. Rd6 Rfc8 25. Rc1 b5 26. a4 bxa4 27. Bxa4 Rc5 28. Ra6 Rbc8 29. Kg2 Rxc3 30. Rxc3 Rxc3 31. Ra5 Ra3 32. Rxe5 Rxa4 33. Kf3 Kg7 34. Kf4 Kf6 35. Rb5 h6 36. h4 g5+ 37. hxg5+ hxg5+ 38. Kf3 Kg6 39. Rb6 Kh5 40. Rb7 Ra3+ 41. Kf2 f5 42. exf5 exf5 43. Rb4 Rc3 44. Ra4 g4 45. Ra6 Rf3+ 46. Kg2 Kg5 47. Rb6 Rc3 48. Kf2 Rc2+ 49. Kf1 Rc5 50. Kf2 Rc8 51. Re6 Rf8 52. Ke3 Rf6 53. Re8 Rd6 {[%emt 0:00:27] normal} 1/2-1/2

[Event "-chT Youth Countries 2019"]
[Site "Wuerzburg"]
[Date "2019.10.04"]
[Round "5.8"]
[White "Roncea, Andrea-Alexandra"]
[Black "Reich, Elisabeth"]
[Result "1-0"]
[ECO "B52"]
[WhiteElo "1590"]
[BlackElo "1199"]
[Annotator "NA"]
[PlyCount "135"]
[EventDate "2019.10.02"]
[EventType "team-tourn"]
[EventRounds "7"]
[EventCountry "GER"]
[SourceTitle "playchess.com"]
[Source "ChessBase"]
[SourceQuality "1"]
[WhiteTeam "Niedersachsen"]
[BlackTeam "Bayern 2"]
[TimeControl "40/5400+30:1800+30"]

1. e4 c5 2. Nf3 d6 3. Bb5+ Bd7 4. Bxd7+ Nxd7 5. O-O Ngf6 6. Re1 g6 7. c3 Bg7 8. d4 cxd4 9. cxd4 O-O 10. Nc3 Rc8 11. Bf4 a6 12. Qd2 Nb6 13. b3 Qc7 14. Rac1 Qd7 15. Bh6 Rfe8 16. Bxg7 Kxg7 17. Qf4 Qg4 18. Qd2 e5 19. h3 Qd7 20. d5 Rc7 21. Rc2 Rec8 22. Rec1 h6 23. Qe3 Na8 24. Qd3 Nb6 25. Kf1 Nh5 26. Ne2 Rxc2 27. Rxc2 Rxc2 28. Qxc2 Qc8 29. Qxc8 Nxc8 30. Ke1 Nf4 31. Nxf4 exf4 32. Kd2 f5 33. exf5 gxf5 34. Kd3 Ne7 35. Kd4 b5 36. Ne1 Kf8 37. Nd3 Ng6 38. Nb4 a5 39. Nc6 a4 40. b4 Nh4 41. g3 fxg3 42. fxg3 Nf3+ 43. Ke3 Ng5 44. Nd4 Nxh3 45. Nxf5 Ng5 46. Nxd6 Nf7 47. Nxf7 Kxf7 48. Ke4 Ke7 49. Ke5 Kd7 50. d6 Kd8 51. Ke6 Ke8 52. d7+ Kd8 53. Kd6 h5 54. Kc6 a3 55. Kxb5 Kxd7 56. Ka4 Ke6 57. b5 Kd7 58. Kxa3 Kc7 59. Kb4 Kb6 60. a4 Ka7 61. Kc5 Kb7 62. a5 Kc7 63. a6 Kb8 64. b6 Ka8 65. Kc6 Kb8 66. b7 h4 67. Kb6 hxg3 68. a7# {[%emt 0:00:07] normal} 1-0

[Event "-chT Youth Countries 2019"]
[Site "Wuerzburg"]
[Date "2019.10.04"]
[Round "5.8"]
[White "Visvikis, Kassandra"]
[Black "von Beckh, Frieda"]
[Result "1-0"]
[ECO "B35"]
[WhiteElo "1531"]
[BlackElo "1541"]
[Annotator "NA"]
[PlyCount "85"]
[EventDate "2019.10.02"]
[EventType "team-tourn"]
[EventRounds "7"]
[EventCountry "GER"]
[SourceTitle "playchess.com"]
[Source "ChessBase"]
[SourceQuality "1"]
[WhiteTeam "Baden 1"]
[BlackTeam "Hessen"]
[TimeControl "40/5400+30:1800+30"]

1. e4 c5 2. Nf3 Nc6 3. d4 cxd4 4. Nxd4 g6 5. Nc3 Bg7 6. Be3 Nf6 7. Bc4 O-O 8. Bb3 d6 9. f3 Bd7 10. Qd2 Qc7 11. g4 a6 12. h4 Rad8 13. h5 Kh8 14. hxg6 fxg6 15. Qh2 Bc8 16. Nd5 Qa5+ 17. Bd2 Nxd4 18. Qh3 Qc5 19. Nxf6 Nxf3+ 20. Kd1 h5 21. Nxh5 Ng1 22. Qg2 Bxg4+ 23. Kc1 Bxh5 24. Rxg1 Qe5 25. c3 e6 26. Qh1 Kg8 27. Bd1 Rf2 28. Bxh5 Qxh5 29. Qxh5 gxh5 30. Kc2 Kf7 31. Kd3 Rh8 32. Be3 Rxb2 33. Raf1+ Kg8 34. Rf6 Rxa2 35. Bh6 Rh7 36. Rfg6 Rf2 37. Bxg7 Kf7 38. Bd4 Rb2 39. Rf6+ Ke7 40. Rgg6 e5 41. Re6+ Kf7 42. Be3 h4 43. Bh6 {[%emt 0:00:24] normal} 1-0

[Event "-chT Youth Countries 2019"]
[Site "Wuerzburg"]
[Date "2019.10.04"]
[Round "5.8"]
[White "Haubold, Christian Lucas"]
[Black "Braeutigam, Katerina"]
[Result "1-0"]
[ECO "B10"]
[WhiteElo "1430"]
[BlackElo "1630"]
[Annotator "NA"]
[PlyCount "113"]
[EventDate "2019.10.02"]
[EventType "team-tourn"]
[EventRounds "7"]
[EventCountry "GER"]
[SourceTitle "playchess.com"]
[Source "ChessBase"]
[SourceQuality "1"]
[WhiteTeam "Sachsen-Anhalt"]
[BlackTeam "Schleswig-Holstein"]
[TimeControl "40/5400+30:1800+30"]

1. e4 c6 2. c4 d5 3. cxd5 cxd5 4. exd5 Nf6 5. Qa4+ Nbd7 6. Nc3 g6 7. Bc4 Bg7 8. d3 O-O 9. Nf3 a6 10. Qa3 Rb8 11. Bf4 Ra8 12. O-O Nb6 13. d6 e6 14. Rad1 Nh5 15. Bg5 Qd7 16. Be7 Re8 17. Rfe1 Rb8 18. Qb3 Bf6 19. Qxb6 Bxe7 20. dxe7 Qxe7 21. Nd5 Qf8 22. Nc7 Rd8 23. Nxa6 Ra8 24. Nc5 Rd6 25. Qb4 Rc6 26. d4 b6 27. Qb5 Qe8 28. Ne5 bxc5 29. Qxc6 Qxc6 30. Nxc6 Bb7 31. d5 Nf4 32. a3 Kf8 33. g3 Nxd5 34. Bxd5 exd5 35. Ne5 c4 36. Nd7+ Kg7 37. Re7 Bc6 38. Ne5 Be8 39. f4 Kf6 40. Rb7 Ra5 41. Ng4+ Kg7 42. Rb6 Ba4 43. Rd2 Bd7 44. Ne3 Be6 45. Nd1 Kf6 46. Nc3 Kf5 47. Rb5 Ra7 48. Nxd5 Ke4 49. Nc3+ Ke3 50. Rd1 Bh3 51. Re5+ Kf3 52. Rd2 f6 53. Rf2+ Kg4 54. Rd5 Re7 55. Re2 Rc7 56. Nd1 Kf3 57. Re3+ {[%emt 0:00:08] normal} 1-0

[Event "-chT Youth Countries 2019"]
[Site "Wuerzburg"]
[Date "2019.10.04"]
[Round "5.8"]
[White "Ulrich, Helena Irene"]
[Black "Richter, Johanna"]
[Result "1-0"]
[ECO "B07"]
[WhiteElo "1355"]
[BlackElo "942"]
[Annotator "NA"]
[PlyCount "93"]
[EventDate "2019.10.02"]
[EventType "team-tourn"]
[EventRounds "7"]
[EventCountry "GER"]
[SourceTitle "playchess.com"]
[Source "ChessBase"]
[SourceQuality "1"]
[WhiteTeam "Thüringen"]
[BlackTeam "Rheinland-Pfalz"]
[TimeControl "40/5400+30:1800+30"]

1. e4 d6 2. d4 Nf6 3. Nc3 g6 4. Bd3 Bg7 5. Nge2 O-O 6. O-O Bg4 7. f3 Bc8 8. Be3 Nbd7 9. Qd2 e5 10. Bc4 b6 11. Nd5 Bb7 12. Nec3 c6 13. Nxf6+ Nxf6 14. Rad1 Re8 15. Bg5 Rc8 16. dxe5 dxe5 17. Bxf6 Bxf6 18. Qd7 Qe7 19. Rd6 Bg7 20. Rfd1 Rc7 21. Qxe7 Rcxe7 22. Rd7 b5 23. Bb3 a6 24. a4 Bh6 25. R1d6 Be3+ 26. Kf1 Bd4 27. axb5 axb5 28. Rd8 b4 29. Rxe8+ Rxe8 30. Na4 Ba6+ 31. Ke1 Bb5 32. Rf6 Rf8 33. Rd6 Rc8 34. Kd2 Bxa4 35. Bxa4 Bxb2 36. Bxc6 Bc3+ 37. Ke2 Rb8 38. Bd5 Rc8 39. Kf2 Bd4+ 40. Kg3 Rxc2 41. Rd7 Bf2+ 42. Kg4 h5+ 43. Kg5 Be3+ 44. Kf6 Rxg2 45. Bxf7+ Kh7 46. Bxg6+ Kg8 47. Rd8# {[%emt 0:00:30] normal} 1-0